TOP OF THE 1ST |
Vancouver Vipers batting - Pitching for Albuquerque Isotopes : RHP Jesús Silva
|
Pitching: RHP Jesús Silva
|
|
Batting: RHB Max Rash
|
0-0: Ball 1-0: Called Strike 1-1: Ball 2-1: Fly out, F8 (Flyball, 78D)
|
Batting: RHB Salvador Medine
|
0-0: Ball 1-0: Foul Ball, location: 2F 1-1: Swinging Strike 1-2: Ball 2-2: Ball 3-2: Ground out 4-3 (Groundball, 4)
|
Batting: SHB Henry Copeland
|
0-0: Ball 1-0: SINGLE (Groundball, 4M)
|
Batting: RHB Daniel Robert
|
0-0: Ground out 3-1 (Groundball, 34)
|
Top of the 1st over - 0 run(s), 1 hit(s), 0 error(s), 1 left on base; Vancouver 0 - Albuquerque 0 |
BOTTOM OF THE 1ST |
Albuquerque Isotopes batting - Pitching for Vancouver Vipers : RHP Ben Evans
|
Pitching: RHP Ben Evans
|
|
Batting: RHB Alfonso Huertas
|
0-0: Ball 1-0: Ball 2-0: Ball 3-0: Base on Balls
|
Batting: RHB Juan Vareas
|
0-0: Ball 1-0: Foul Ball, location: 2F 1-1: Ball 2-1: Ball 3-1: Fly out, F3 (Popup, 34S)
|
Batting: SHB Lee Townsend
|
0-0: Ball 1-0: Foul Ball, location: 2F 1-1: Ball 2-1: Called Strike 2-2: Foul Ball, location: 2F 2-2: Ball 3-2: Foul Ball, location: 2F 3-2: Strikes out swinging Alfonso Huertas steals 2nd base Batter strikes out.
|
Batting: LHB Mark Vestal
|
0-0: Ball 1-0: Foul Ball, location: 2F 1-1: Ball 2-1: Ball 3-1: Called Strike 3-2: Strikes out swinging
|
Bottom of the 1st over - 0 run(s), 0 hit(s), 0 error(s), 1 left on base; Vancouver 0 - Albuquerque 0 |
TOP OF THE 2ND |
Vancouver Vipers batting - Pitching for Albuquerque Isotopes : RHP Jesús Silva
|
Batting: LHB Malcolm Thomas
|
0-0: Ball 1-0: Foul Ball, location: 2F 1-1: Ball 2-1: Called Strike 2-2: Ground out 5-3 (Groundball, 56S)
|
Batting: RHB Luis Sáenz
|
0-0: Foul Ball, location: 2F 0-1: Ball 1-1: Ball 2-1: SINGLE (Line Drive, 4D)
|
Batting: RHB Alfredo Hernández
|
0-0: Swinging Strike 0-1: Called Strike 0-2: Strikes out swinging
|
Batting: RHB Bill Little
|
0-0: Fly out, F5 (Line Drive, 5S)
|
Top of the 2nd over - 0 run(s), 1 hit(s), 0 error(s), 1 left on base; Vancouver 0 - Albuquerque 0 |
BOTTOM OF THE 2ND |
Albuquerque Isotopes batting - Pitching for Vancouver Vipers : RHP Ben Evans
|
Batting: LHB Bernardo Montés
|
0-0: SINGLE (Groundball, 56D)
|
Batting: RHB Arturo García
|
0-0: Grounds into double play, 4-6-3 (Groundball, 4)
|
Batting: RHB Juan Alberto
|
0-0: Ball 1-0: Fly out, F7 (Flyball, 7LM)
|
Bottom of the 2nd over - 0 run(s), 1 hit(s), 0 error(s), 0 left on base; Vancouver 0 - Albuquerque 0 |
TOP OF THE 3RD |
Vancouver Vipers batting - Pitching for Albuquerque Isotopes : RHP Jesús Silva
|
Batting: RHB Oscar Rudd
|
0-0: Ball 1-0: Swinging Strike 1-1: Swinging Strike 1-2: Ball 2-2: Ball 3-2: Strikes out swinging
|
Batting: RHB Max Rash
|
0-0: Ball 1-0: Ball 2-0: Called Strike 2-1: SINGLE (Line Drive, 34D)
|
Batting: RHB Salvador Medine
|
0-0: Called Strike 0-1: Swinging Strike 0-2: Foul Ball, location: 2F 0-2: Ball 1-2: Strikes out swinging
|
Batting: SHB Henry Copeland
|
0-0: Ball 1-0: Ball 2-0: Called Strike 2-1: Called Strike 2-2: Ground out U3 (Groundball, 3L)
|
Top of the 3rd over - 0 run(s), 1 hit(s), 0 error(s), 1 left on base; Vancouver 0 - Albuquerque 0 |
BOTTOM OF THE 3RD |
Albuquerque Isotopes batting - Pitching for Vancouver Vipers : RHP Ben Evans
|
Batting: RHB Luis Martínez
|
0-0: Ground out 6-3 (Groundball, 6)
|
Batting: LHB António De Los Ángeles
|
0-0: Ball 1-0: Foul Ball, location: 2F 1-1: Foul Ball, location: 2F 1-2: Ball 2-2: Ball 3-2: Ground out 6-3 (Groundball, 6)
|
Batting: RHB Alfonso Huertas
|
0-0: Called Strike 0-1: Ball 1-1: Called Strike 1-2: Ball 2-2: Ball 3-2: SINGLE (Line Drive, 6MD)
|
Batting: RHB Juan Vareas
|
0-0: Hit by Pitch Alfonso Huertas to second
|
Batting: SHB Lee Townsend
|
0-0: Ball 1-0: Swinging Strike 1-1: Ball 2-1: Foul Ball, location: 2F 2-2: Ball 3-2: Base on Balls Alfonso Huertas to third Juan Vareas to second
|
Batting: LHB Mark Vestal
|
0-0: Ball 1-0: Foul Ball, location: 2F 1-1: Foul Ball, location: 2F 1-2: Ball 2-2: DOUBLE (Flyball, 8LXD) Alfonso Huertas scores Juan Vareas scores Lee Townsend to third
|
Batting: LHB Bernardo Montés
|
0-0: Ball 1-0: Swinging Strike 1-1: Fly out, F6 (Popup, 6S)
|
Bottom of the 3rd over - 2 run(s), 2 hit(s), 0 error(s), 2 left on base; Vancouver 0 - Albuquerque 2 |
TOP OF THE 4TH |
Vancouver Vipers batting - Pitching for Albuquerque Isotopes : RHP Jesús Silva
|
Batting: RHB Daniel Robert
|
0-0: Foul Ball, location: 2F 0-1: Ball 1-1: Foul Ball, location: 2F 1-2: Ball 2-2: Fly out, F9 (Line Drive, 9M)
|
Batting: LHB Malcolm Thomas
|
0-0: Fly out, F7 (Flyball, 7S)
|
Batting: RHB Luis Sáenz
|
0-0: Ball 1-0: Called Strike 1-1: Ball 2-1: Ball 3-1: Base on Balls
|
Batting: RHB Alfredo Hernández
|
0-0: Ball 1-0: Ball 2-0: Ball 3-0: Called Strike 3-1: Base on Balls Luis Sáenz to second
|
Batting: RHB Bill Little
|
0-0: Ball 1-0: Foul Ball, location: 2F 1-1: Fly out, F9 (Flyball, 9D)
|
Top of the 4th over - 0 run(s), 0 hit(s), 0 error(s), 2 left on base; Vancouver 0 - Albuquerque 2 |
BOTTOM OF THE 4TH |
Albuquerque Isotopes batting - Pitching for Vancouver Vipers : RHP Ben Evans
|
Batting: RHB Arturo García
|
0-0: Ball 1-0: Fly out, F8 (Flyball, 8RM)
|
Batting: RHB Juan Alberto
|
0-0: Fly out, F7 (Line Drive, 7S)
|
Batting: RHB Luis Martínez
|
0-0: Called Strike 0-1: Ground out 5-3 (Groundball, 5)
|
Bottom of the 4th over - 0 run(s), 0 hit(s), 0 error(s), 0 left on base; Vancouver 0 - Albuquerque 2 |
TOP OF THE 5TH |
Vancouver Vipers batting - Pitching for Albuquerque Isotopes : RHP Jesús Silva
|
Batting: RHB Oscar Rudd
|
0-0: Ball 1-0: Fly out, F7 (Flyball, 78M)
|
Batting: RHB Max Rash
|
0-0: Called Strike 0-1: Bunted foul 0-2: Ball 1-2: Foul Ball, location: 2F 1-2: Ball 2-2: Fly out, F9 (Flyball, 9LM)
|
Batting: RHB Salvador Medine
|
0-0: Ball 1-0: Foul Ball, location: 2F 1-1: Ground out 5-3 (Groundball, 5S)
|
Top of the 5th over - 0 run(s), 0 hit(s), 0 error(s), 0 left on base; Vancouver 0 - Albuquerque 2 |
BOTTOM OF THE 5TH |
Albuquerque Isotopes batting - Pitching for Vancouver Vipers : RHP Ben Evans
|
Batting: LHB António De Los Ángeles
|
0-0: Foul Ball, location: 2F 0-1: Ball 1-1: Ball 2-1: Ball 3-1: Called Strike 3-2: Foul Ball, location: 2F 3-2: Base on Balls
|
Batting: RHB Alfonso Huertas
|
0-0: Swinging Strike 0-1: Ball 1-1: Swinging Strike 1-2: Ball 2-2: Strikes out swinging
|
Batting: RHB Juan Vareas
|
0-0: Called Strike 0-1: Called Strike 0-2: Foul Ball, location: 2F 0-2: Strikes out swinging
|
Batting: SHB Lee Townsend
|
0-0: Ball 1-0: Ball 2-0: Swinging Strike 2-1: Foul Ball, location: 2F 2-2: Ball 3-2: Base on Balls António De Los Ángeles to second
|
Batting: LHB Mark Vestal
|
0-0: DOUBLE (Groundball, 3D) António De Los Ángeles scores Lee Townsend to third Runner from 3rd tries for Home, throw and OUT!
|
Bottom of the 5th over - 1 run(s), 1 hit(s), 0 error(s), 1 left on base; Vancouver 0 - Albuquerque 3 |
TOP OF THE 6TH |
Vancouver Vipers batting - Pitching for Albuquerque Isotopes : RHP Jesús Silva
|
Batting: SHB Henry Copeland
|
0-0: Called Strike 0-1: Foul Ball, location: 2F 0-2: Ball 1-2: Strikes out swinging
|
Batting: RHB Daniel Robert
|
0-0: Ball 1-0: Ball 2-0: Foul Ball, location: 2F 2-1: Fly out, F3 (Popup, 3DF)
|
Batting: LHB Malcolm Thomas
|
0-0: Called Strike 0-1: Foul Ball, location: 2F 0-2: SOLO HOME RUN (Flyball, 9D), Distance : 369 ft
|
Batting: RHB Luis Sáenz
|
0-0: Ground out 4-3 (Groundball, 4)
|
Top of the 6th over - 1 run(s), 1 hit(s), 0 error(s), 0 left on base; Vancouver 1 - Albuquerque 3 |
BOTTOM OF THE 6TH |
Albuquerque Isotopes batting - Pitching for Vancouver Vipers : RHP Ben Evans
|
Batting: LHB Bernardo Montés
|
0-0: Ball 1-0: Ball 2-0: Foul Ball, location: 2F 2-1: Fly out, F3 (Popup, 3F)
|
Batting: RHB Arturo García
|
0-0: Called Strike 0-1: Swinging Strike 0-2: Foul Ball, location: 2F 0-2: Fly out, F9 (Flyball, 89M)
|
Batting: RHB Juan Alberto
|
0-0: Called Strike 0-1: Foul Ball, location: 2F 0-2: Ball 1-2: Foul Ball, location: 2F 1-2: Strikes out looking
|
Bottom of the 6th over - 0 run(s), 0 hit(s), 0 error(s), 0 left on base; Vancouver 1 - Albuquerque 3 |
TOP OF THE 7TH |
Vancouver Vipers batting - Pitching for Albuquerque Isotopes : RHP Jesús Silva
|
Pitching: RHP Shiki Kanno
|
|
Batting: RHB Alfredo Hernández
|
0-0: Ball 1-0: Ground out 6-3 (Groundball, 6M)
|
Batting: RHB Bill Little
|
0-0: Called Strike 0-1: Called Strike 0-2: Strikes out swinging
|
Batting: RHB Oscar Rudd
|
0-0: Ball 1-0: Called Strike 1-1: Foul Ball, location: 2F 1-2: SINGLE (Groundball, 6MD)
|
Batting: RHB Max Rash
|
0-0: Ball 1-0: Foul Ball, location: 2F 1-1: Foul Ball, location: 2F 1-2: Strikes out swinging
|
Top of the 7th over - 0 run(s), 1 hit(s), 0 error(s), 1 left on base; Vancouver 1 - Albuquerque 3 |
BOTTOM OF THE 7TH |
Albuquerque Isotopes batting - Pitching for Vancouver Vipers : RHP Ben Evans
|
Batting: RHB Luis Martínez
|
0-0: Fly out, F8 (Flyball, 8RM)
|
Batting: LHB António De Los Ángeles
|
0-0: Fly out, F9 (Flyball, 89M)
|
Batting: RHB Alfonso Huertas
|
0-0: Called Strike 0-1: SINGLE (Groundball, 34D) (infield hit)
|
Pitching: LHP Ron Cummins
|
|
Batting: RHB Juan Vareas
|
0-0: Called Strike 0-1: Ball Alfonso Huertas is caught stealing 2nd base
|
Bottom of the 7th over - 0 run(s), 1 hit(s), 0 error(s), 0 left on base; Vancouver 1 - Albuquerque 3 |
TOP OF THE 8TH |
Vancouver Vipers batting - Pitching for Albuquerque Isotopes : RHP Shiki Kanno
|
Batting: RHB Salvador Medine
|
0-0: Ball 1-0: Ball 2-0: Swinging Strike 2-1: Ball 3-1: Base on Balls
|
Pitching: RHP Juan Rodríguez
|
|
Batting: SHB Henry Copeland
|
0-0: Foul Ball, location: 2F 0-1: Called Strike 0-2: Foul Ball, location: 2F 0-2: Strikes out swinging
|
Batting: RHB Daniel Robert
|
0-0: Ball 1-0: Grounds into double play, 6-4-3 (Groundball, 6)
|
Top of the 8th over - 0 run(s), 0 hit(s), 0 error(s), 0 left on base; Vancouver 1 - Albuquerque 3 |
BOTTOM OF THE 8TH |
Albuquerque Isotopes batting - Pitching for Vancouver Vipers : LHP Ron Cummins
|
Batting: RHB Juan Vareas
|
0-0: Ball 1-0: TRIPLE (Flyball, 89D)
|
Batting: SHB Lee Townsend
|
0-0: Intentional Walk
|
Batting: LHB Mark Vestal
|
0-0: Ball 1-0: Ball 2-0: Ball 3-0: Called Strike 3-1: 3-RUN HOME RUN (Line Drive, 9D), Distance : 378 ft
|
Batting: LHB Bernardo Montés
|
0-0: Foul Ball, location: 2F 0-1: Fly out, F9 (Flyball, 89M)
|
Batting: RHB Arturo García
|
0-0: Ball 1-0: Called Strike 1-1: Swinging Strike 1-2: Foul Ball, location: 2F 1-2: Foul Ball, location: 2F 1-2: Strikes out looking
|
Batting: RHB Juan Alberto
|
0-0: SINGLE (Flyball, 78M)
|
Batting: RHB Luis Martínez
|
0-0: Fly out, F8 (Flyball, 8RD)
|
Bottom of the 8th over - 3 run(s), 3 hit(s), 0 error(s), 1 left on base; Vancouver 1 - Albuquerque 6 |
TOP OF THE 9TH |
Vancouver Vipers batting - Pitching for Albuquerque Isotopes : RHP Juan Rodríguez
|
Now at 1B: Vicente Torres
|
|
Batting: LHB Malcolm Thomas
|
0-0: Called Strike 0-1: Ball 1-1: Ball 2-1: Ball 3-1: Called Strike 3-2: Strikes out swinging
|
Batting: RHB Luis Sáenz
|
0-0: Called Strike 0-1: Foul Ball, location: 2F 0-2: SOLO HOME RUN (Flyball, 7D), Distance : 375 ft
|
Batting: RHB Alfredo Hernández
|
0-0: Swinging Strike 0-1: Ball 1-1: Called Strike 1-2: Ball 2-2: Ball 3-2: Base on Balls
|
Batting: RHB Bill Little
|
0-0: Foul Ball, location: 2F 0-1: Called Strike 0-2: Ball 1-2: Ball 2-2: Strikes out swinging
|
Batting: RHB Oscar Rudd
|
0-0: Called Strike 0-1: Fly out, F8 (Flyball, 8LS)
|
Top of the 9th over - 1 run(s), 1 hit(s), 0 error(s), 1 left on base; Vancouver 2 - Albuquerque 6 |
|